[Event "Titled Tuesday Blitz November 22 Early 2022"]
[White "Streltsov, Alexey"]
[Black "Harsh Suresh"]
[WhiteFideId "24104434"]
[BlackFideId "45018464"]
[WhiteElo "2547"]
[BlackElo "2227"]
[Result "0-1"]
[Round "08"]
[TimeControl "180+1"]
[Date "2022.11.23"]
[WhiteClock "0:00:12"]
[BlackClock "0:00:14"]

1. d4 Nf6 2. Nc3 g6 3. e4 d6 4. Bf4 Bg7 5. Qd2 O-O 6. Bh6 e5 7. Bxg7 Kxg7 8. Nf3 Nc6 9. O-O-O Bg4 10. dxe5 Nxe5 11. Be2 Nxf3 12. gxf3 Bh5 13. Rhg1 Qe7 14. Qg5 Qe5 15. f4 Qxg5 16. fxg5 Nxe4 17. Nxe4 Bxe2 18. Rde1 Bc4 19. Nf6 Be6 20. h4 h6 21. f4 Rh8 22. Rh1 hxg5 23. fxg5 b5 24. b3 a5 25. a3 b4 26. a4 Ra6 27. Re4 Rc6 28. Rhe1 Bxb3 29. Kb2 Be6 30. Rxe6 fxe6 31. Rxe6 Rxh4 32. Re7+ Kf8 33. Rd7 Rc5 34. Nh7+ Rxh7 35. Rxh7 Rxg5 36. Rxc7 Rd5 37. c4 bxc3+ 38. Rxc3 Kf7 39. Kb3 g5 40. Rf3+ Ke6 41. Kc4 Rf5 42. Rb3 Rf4+ 43. Kb5 Rb4+ 44. Rxb4 axb4 45. Kxb4 g4 46. a5 Kd7 47. Kb5 Kc7 48. Ka6 g3 49. Ka7 g2 50. a6 g1=Q+ 51. Ka8 Qg8+ 0-1


[Site "https://www.chess.com"]

[Event "Titled Tuesday Blitz November 22 Early 2022"]
[White "Stribuk, Artiom"]
[Black "Jeet, Jain"]
[WhiteFideId "13515659"]
[BlackFideId "5073022"]
[WhiteElo "2371"]
[BlackElo "2067"]
[Result "1-0"]
[Round "08"]
[TimeControl "180+1"]
[Date "2022.11.23"]
[WhiteClock "0:00:19"]
[BlackClock "0:00:04"]

1. d4 Nf6 2. c4 b6 3. f3 c5 4. d5 e5 5. Nc3 d6 6. e3 h5 7. h4 g6 8. Bd3 Bh6 9. Nge2 Bf5 10. Bxf5 gxf5 11. Ng3 Qd7 12. Qd3 f4 13. exf4 Bxf4 14. Bxf4 exf4 15. Nf5 Na6 16. O-O-O Nb4 17. Qb1 O-O-O 18. a3 Na6 19. Nb5 Rhg8 20. Nbxd6+ Kb8 21. Rhe1 Rxg2 22. Qd3 Qa4 23. Rd2 Rxd2 24. Qxd2 Nc7 25. Kb1 Rd7 26. Qxf4 Nfxd5 27. Qe5 f6 28. Qe4 Nc3+ 29. bxc3 Qb3+ 30. Kc1 Qxc3+ 31. Kd1 Qb3+ 32. Ke2 Qb2+ 33. Kf1 Qe5 34. Qb7# 1-0


[Site "https://www.chess.com"]

[Event "Titled Tuesday Blitz November 22 Early 2022"]
[White "Tanenbaum, Zachary"]
[Black "Salinas Herrera, Pablo"]
[WhiteFideId "2060850"]
[BlackFideId "3407128"]
[WhiteElo "2175"]
[BlackElo "2557"]
[Result "1-0"]
[Round "08"]
[TimeControl "180+1"]
[Date "2022.11.22"]
[WhiteClock "0:00:13"]
[BlackClock "0:00:01"]

1. e4 c5 2. Nf3 e6 3. d4 cxd4 4. Nxd4 a6 5. Bd3 Bc5 6. Nb3 Ba7 7. Qe2 Nc6 8. Nc3 d6 9. Be3 Nf6 10. Bxa7 Rxa7 11. O-O-O O-O 12. f4 Qc7 13. g4 b5 14. g5 Nd7 15. Qh5 Nb4 16. Kb1 Nc5 17. Nxc5 dxc5 18. e5 g6 19. Qg4 Rd8 20. Be2 Bb7 21. Rxd8+ Qxd8 22. Rd1 Qe7 23. a3 Nd5 24. Ne4 Ra8 25. Qh4 Rd8 26. Rxd5 h5 27. Nf6+ Kg7 28. Rxd8 Qxd8 29. Bxh5 Qh8 30. Qf2 gxh5 31. Qxc5 Qd8 32. Qd6 Qc8 33. Nxh5+ Kg6 34. Nf6 Kf5 35. Qd4 Qc6 36. b3 Qg2 37. Ne8 Bd5 38. Nd6+ Kg6 39. Qd3+ Kg7 40. Ne8+ Kf8 41. Nf6 Qxh2 42. Qc3 Qh1+ 43. Kb2 Bc6 44. Qd4 Kg7 45. Qd8 Kg6 46. Qg8+ Kf5 47. Qxf7 Kxf4 48. g6 Qd1 49. Nd5+ Kxe5 50. Qf6+ Kxd5 51. Qd8+ Bd7 52. Qxd7+ 1-0


[Site "https://www.chess.com"]

[Event "Titled Tuesday Blitz November 22 Early 2022"]
[White "Timofeev, Artyom"]
[Black "Begmuratov, Khumoyun"]
[WhiteFideId "4140419"]
[BlackFideId "14210207"]
[WhiteElo "2586"]
[BlackElo "2267"]
[Result "0-1"]
[Round "08"]
[TimeControl "180+1"]
[Date "2022.11.22"]
[WhiteClock "0:00:03"]
[BlackClock "0:00:04"]

1. d4 Nf6 2. Bf4 e6 3. e3 b6 4. Nf3 Bb7 5. h3 g6 6. Bd3 Bg7 7. O-O d6 8. Bh2 Nbd7 9. Nbd2 O-O 10. e4 Qe7 11. e5 dxe5 12. dxe5 Nd5 13. a3 c5 14. c4 Nc7 15. Ne4 Rad8 16. Qe2 Nb8 17. Nf6+ Kh8 18. Be4 Bxe4 19. Qxe4 Ne8 20. Ng4 h5 21. Ne3 Nc7 22. g4 Bh6 23. Kg2 Qe8 24. Bf4 Bg7 25. gxh5 gxh5 26. Bg5 f6 27. exf6 Bxf6 28. h4 Bxg5 29. Nxg5 Qc6 30. Rad1 Qxe4+ 31. Nxe4 Nc6 32. Ng5 Nd4 33. b4 Rf4 34. bxc5 bxc5 35. Kh3 Rdf8 36. Rd2 Ne8 37. Ng2 R4f5 38. f4 Nf6 39. Ne3 Rb8 40. Nxf5 exf5 41. Rd3 Rb2 42. Re1 Ng4 43. Kg3 Ne2+ 44. Rxe2 Rxe2 45. Rd5 Re3+ 46. Kg2 Re2+ 47. Kf1 Ra2 48. Rxc5 Ne3+ 49. Kg1 Rxa3 50. Rc8+ Kg7 51. c5 Rc3 52. c6 Nd5 53. Rd8 Nxf4 54. Rd7+ Kf6 55. c7 a5 56. Nh7+ Ke6 57. Nf8+ Ke5 58. Rf7 a4 59. Nd7+ Ke6 0-1


[Site "https://www.chess.com"]

[Event "Titled Tuesday Blitz November 22 Early 2022"]
[White "Tologon tegin, Semetei"]
[Black "Papasimakopoulos, Alexandros"]
[WhiteFideId "13800574"]
[BlackFideId "4244125"]
[WhiteElo "2282"]
[BlackElo "2365"]
[Result "1-0"]
[Round "08"]
[TimeControl "180+1"]
[Date "2022.11.23"]
[WhiteClock "0:00:15"]
[BlackClock "0:00:08"]

1. e4 e6 2. d4 d5 3. e5 b6 4. c3 Qd7 5. Nf3 Ne7 6. h4 h5 7. Bg5 Nf5 8. Nbd2 Ba6 9. Bxa6 Nxa6 10. Qe2 Nb8 11. a4 c5 12. a5 b5 13. dxc5 Bxc5 14. b4 Be7 15. Nb3 a6 16. O-O Qc7 17. Bxe7 Qxe7 18. g3 Nc6 19. Nc5 g6 20. Rfd1 Kf8 21. Rab1 Kg7 22. Nd4 Ncxd4 23. cxd4 g5 24. hxg5 Qxg5 25. Rb3 h4 26. g4 Ne7 27. Kh1 Ng6 28. Rg1 Ra7 29. Rf3 h3 30. Kh2 Rh4 31. Rf6 Ra8 32. f4 Nxf4 33. Qd2 Rxg4 34. Rxg4 Qxg4 35. Rxf4 Qg6 36. Rf3 Kf8 37. Rg3 Qh7 38. Qg5 Qc2+ 39. Kxh3 Qh7+ 40. Qh4 Qxh4+ 41. Kxh4 Ra7 42. Kg5 Ke7 43. Rh3 Ra8 44. Rh7 Rg8+ 45. Kf4 Ra8 46. Rh6 Rg8 47. Nxa6 Rg1 48. Nc5 Rf1+ 49. Ke3 Rb1 50. a6 Ra1 51. Rh8 f6 52. Rh7+ Kf8 53. exf6 Kg8 54. Rg7+ Kh8 55. a7 e5 56. dxe5 d4+ 57. Ke4 Re1+ 58. Kf5 Ra1 59. Rd7 d3 60. Rd8+ Kh7 61. a8=Q Rxa8 62. Rxa8 1-0


[Site "https://www.chess.com"]

[Event "Titled Tuesday Blitz November 22 Early 2022"]
[White "Topalov, Aleksandar"]
[Black "Diaz Rosas, Julio Cesar"]
[WhiteFideId "925659"]
[BlackFideId "5105099"]
[WhiteElo "2179"]
[BlackElo "2246"]
[Result "0-1"]
[Round "08"]
[TimeControl "180+1"]
[Date "2022.11.23"]
[WhiteClock "0:00:03"]
[BlackClock "0:00:03"]

1. b3 e5 2. Bb2 Nc6 3. e3 Nf6 4. Bb5 Bd6 5. Na3 Na5 6. Be2 a6 7. c4 Qe7 8. Nc2 O-O 9. Nf3 Nc6 10. O-O e4 11. Nfd4 Nxd4 12. Nxd4 Be5 13. f4 exf3 14. Bxf3 d6 15. Qc2 c6 16. Ba3 Rd8 17. Rae1 Qc7 18. Nf5 d5 19. cxd5 Bxh2+ 20. Kh1 cxd5 21. Qb1 Re8 22. Rc1 Bxf5 23. Qxf5 Qe5 24. Qh3 Bg3 25. Bc5 Qg5 26. Bd4 Be5 27. Bb6 Ne4 28. Bxe4 dxe4 29. Rf5 Qg6 30. Rc5 Bf6 31. Bc7 h6 32. Bf4 Rad8 33. Rc2 Ba1 34. Rfc5 Bf6 35. Rc7 Rd5 36. Kg1 Be5 37. Bxe5 Rdxe5 38. Rxb7 Rh5 39. Qd7 Rf8 40. Rc8 Rxc8 41. Qxc8+ Kh7 42. Rb8 Qf6 43. Qg8+ Kg6 44. Qd8 Qa1+ 45. Kf2 Rf5+ 46. Kg3 Qe1+ 47. Kh2 Rh5+ 0-1


[Site "https://www.chess.com"]

[Event "Titled Tuesday Blitz November 22 Early 2022"]
[White "Torres Dominguez, David"]
[Black "Sadubayev, Airat"]
[WhiteFideId "2220857"]
[BlackFideId "13713264"]
[WhiteElo "2037"]
[BlackElo "2160"]
[Result "1/2-1/2"]
[Round "08"]
[TimeControl "180+1"]
[Date "2022.11.23"]
[WhiteClock "0:00:44"]
[BlackClock "0:00:06"]

1. e4 c6 2. Nf3 d5 3. d3 dxe4 4. dxe4 Qxd1+ 5. Kxd1 Nf6 6. Nfd2 g5 7. f3 h5 8. Nc4 g4 9. Be3 Bg7 10. c3 O-O 11. Nbd2 b5 12. Na5 Rd8 13. Kc2 Be6 14. a4 a6 15. b4 Nfd7 16. Nb7 Rc8 17. Nc5 Nxc5 18. Bxc5 Bf6 19. axb5 cxb5 20. Bxb5 Bd7 21. Bc4 Nc6 22. Rxa6 Rxa6 23. Bxa6 Rb8 24. Rd1 Ne5 25. Nc4 Ba4+ 26. Kc1 Bxd1 27. Kxd1 Nxc4 28. Bxc4 Bxc3 29. fxg4 hxg4 30. Bxe7 Bxb4 31. Bh4 Bc5 32. Be2 Bd6 33. Bxg4 Bxh2 34. Bf3 Rb1+ 35. Kc2 Ra1 36. Kd3 Ra7 37. Ke3 Bb8 38. Bf2 Ra3+ 39. Ke2 Ra2+ 40. Kf1 Ra1+ 41. Ke2 Ra2+ 42. Kf1 Ra1+ 43. Ke2 Ra2+ 1/2-1/2


[Site "https://www.chess.com"]

[Event "Titled Tuesday Blitz November 22 Early 2022"]
[White "Tuleyeva-Aketayeva, Dana"]
[Black "Larina, Maria"]
[WhiteFideId "13701932"]
[BlackFideId "24113182"]
[WhiteElo "2030"]
[BlackElo "1848"]
[Result "0-1"]
[Round "08"]
[TimeControl "180+1"]
[Date "2022.11.23"]
[WhiteClock "0:00:04"]
[BlackClock "0:00:56"]

1. Nf3 f5 2. c4 Nf6 3. g3 g6 4. Bg2 Bg7 5. O-O O-O 6. Nc3 d6 7. Rb1 e5 8. d4 e4 9. Ne1 a5 10. a3 Nc6 11. Bg5 h6 12. Bc1 Kh7 13. f3 exf3 14. Nxf3 Re8 15. d5 Ne5 16. Nxe5 Rxe5 17. Bf4 Re8 18. Re1 Ne4 19. Nxe4 fxe4 20. Be3 a4 21. Qc2 Qe7 22. Rf1 Bf5 23. b3 axb3 24. Rxb3 b6 25. h3 h5 26. Qd1 Ra5 27. Bd2 Ra6 28. e3 Rea8 29. Bc1 Be5 30. g4 hxg4 31. hxg4 Qh4 32. Rxf5 gxf5 33. gxf5 Rg8 34. Kf1 Qh2 35. Qe2 Raa8 36. Qf2 Bg3 37. Qg1 Qh5 38. Qh1 Bh4 39. Qh3 Qd1# 0-1


[Site "https://www.chess.com"]

[Event "Titled Tuesday Blitz November 22 Early 2022"]
[White "Unat, Can Haktan"]
[Black "Gabdrakhmanov, Azat"]
[WhiteFideId "6398073"]
[BlackFideId "34189197"]
[WhiteElo "2146"]
[BlackElo "2254"]
[Result "1-0"]
[Round "08"]
[TimeControl "180+1"]
[Date "2022.11.23"]
[WhiteClock "0:00:08"]
[BlackClock "0:00:07"]

1. e4 c5 2. Nf3 e6 3. d4 cxd4 4. Nxd4 a6 5. c4 Qc7 6. Nc3 Nf6 7. Be2 b6 8. O-O Bb7 9. f3 d6 10. Be3 Be7 11. a4 O-O 12. Qd2 Nbd7 13. a5 bxa5 14. Nb3 Rab8 15. Nxa5 Ba8 16. Rfb1 Rfd8 17. b4 Ne5 18. Qe1 d5 19. exd5 exd5 20. Nxd5 Bxd5 21. cxd5 Nxd5 22. Bd2 Bf6 23. Rc1 Qb6+ 24. Qf2 Nxf3+ 25. Bxf3 Bd4 26. Be1 Bxf2+ 27. Bxf2 Qg6 28. Nc6 Kh8 29. Nxd8 Rxd8 30. Bxd5 h5 31. Bf3 Rd2 32. Rc6 Qd3 33. Re1 g6 34. Rc7 Kg7 35. Rce7 Qc2 36. Be3 Rd3 37. Bf2 Rd2 38. R7e2 Rxe2 39. Bxe2 Qb2 40. Bc5 Qa2 41. Kf1 g5 42. Bxh5 f6 43. Bf3 Qc4+ 44. Be2 Qf4+ 45. Kg1 Qe5 46. Kf1 Qxh2 47. Bg1 Qf4+ 48. Bf2 Qxb4 49. Bf3 f5 50. Rd1 g4 51. Be2 a5 52. Rd4 Qb1+ 53. Rd1 Qb7 54. Bd4+ Kg6 55. Be5 a4 56. Rd6+ Kf7 57. Bc4+ Ke7 58. Re6+ Kd7 59. Rd6+ Ke7 60. Re6+ Kf8 61. Bd6+ Kg7 62. Re7+ Qxe7 63. Bxe7 Kg6 64. g3 f4 65. gxf4 Kf5 66. Bd6 Ke4 67. Be5 a3 68. Ba2 Kf5 69. Kg2 1-0


[Site "https://www.chess.com"]

[Event "Titled Tuesday Blitz November 22 Early 2022"]
[White "Vagman, Roy"]
[Black "Csonka, Balazs"]
[WhiteFideId "2828995"]
[BlackFideId "742910"]
[WhiteElo "2174"]
[BlackElo "2404"]
[Result "0-1"]
[Round "08"]
[TimeControl "180+1"]
[Date "2022.11.23"]
[WhiteClock "0:00:07"]
[BlackClock "0:00:40"]

1. Nf3 Nf6 2. g3 g6 3. Bg2 Bg7 4. O-O O-O 5. c4 d6 6. Nc3 e5 7. d4 Nc6 8. Bg5 h6 9. Bxf6 Bxf6 10. dxe5 Nxe5 11. Nxe5 Bxe5 12. Qd2 Bg7 13. Rad1 Rb8 14. b3 Be6 15. Ne4 Qe7 16. h4 Rbd8 17. Qa5 a6 18. Qb4 Bf5 19. Qxb7 Rb8 20. Qd5 Rfe8 21. f3 Be5 22. g4 Qxh4 23. gxf5 Bh2+ 24. Kh1 Bg3+ 25. Bh3 0-1


[Site "https://www.chess.com"]

[Event "Titled Tuesday Blitz November 22 Early 2022"]
[White "Vaibhav Jayant Raut"]
[Black "Salman, Pavel"]
[WhiteFideId "5089034"]
[BlackFideId "24153753"]
[WhiteElo "2147"]
[BlackElo "2187"]
[Result "0-1"]
[Round "08"]
[TimeControl "180+1"]
[Date "2022.11.23"]
[WhiteClock "0:00:11"]
[BlackClock "0:00:10"]

1. Nf3 c5 2. g3 b6 3. Bg2 Bb7 4. O-O e6 5. d3 Nf6 6. Nbd2 d6 7. a4 Be7 8. e4 O-O 9. Re1 Nc6 10. Nc4 Qc7 11. Bf4 e5 12. Bg5 Nd7 13. Ne3 Bxg5 14. Nxg5 Nd4 15. c3 Ne6 16. Qg4 Nxg5 17. Qxg5 Qd8 18. Qg4 Nf6 19. Qe2 g6 20. Rf1 Re8 21. c4 Nd7 22. f4 exf4 23. Rxf4 Ne5 24. Raf1 Rf8 25. h4 h5 26. Rf6 Kg7 27. Bh3 Qxf6 28. Rxf6 Kxf6 29. Qf2+ Kg7 30. a5 Nxd3 31. Qd2 Bxe4 32. Qc3+ Ne5 33. a6 Rae8 34. b3 Re7 35. Bg2 Bxg2 36. Kxg2 Re6 37. Nd5 f6 38. Qa1 Rf7 39. Nxb6 Ng4 40. Nd5 Ne3+ 41. Nxe3 Rxe3 42. Qd1 Rd7 43. Kf2 Re5 44. Kg2 Kf7 45. Qf3 f5 46. Qc6 Ke7 47. Qc8 Re3 48. Qg8 Rxb3 49. Qxg6 Rb2+ 50. Kh3 Rb4 51. Qg5+ Ke8 52. Qxf5 Kd8 53. Qxh5 Rxc4 54. Qd5 Rc1 55. h5 c4 56. h6 c3 57. Qa8+ Ke7 58. Kg2 Rc2+ 59. Kf3 Rh2 60. Qe4+ Kd8 61. Qe3 c2 62. Kg4 Rc7 63. Qg5+ Kd7 64. Qc1 Rxh6 65. Kf5 Rh1 66. Qxh1 c1=Q 67. Qh7+ Kc6 68. Qg8 Qc2+ 69. Kf4 Qd2+ 70. Kf3 Qd5+ 0-1


[Site "https://www.chess.com"]

[Event "Titled Tuesday Blitz November 22 Early 2022"]
[White "Valle Maytin, Luis Enrique"]
[Black "Agasarov, Benik"]
[WhiteFideId "3503666"]
[BlackFideId "13314823"]
[WhiteElo "2225"]
[BlackElo "2178"]
[Result "0-1"]
[Round "08"]
[TimeControl "180+1"]
[Date "2022.11.23"]
[WhiteClock "0:00:04"]
[BlackClock "0:00:19"]

1. e4 e5 2. Nf3 Nc6 3. Bb5 Nf6 4. O-O Nxe4 5. d4 Nd6 6. Bxc6 dxc6 7. Nxe5 Be7 8. Be3 O-O 9. c4 Be6 10. Qc2 Nf5 11. Rd1 Bd6 12. Nc3 Bxe5 13. dxe5 Nxe3 14. fxe3 Qg5 15. Qe4 Rad8 16. b3 h5 17. Qf4 Qg6 18. Rd4 Bh3 19. Qf2 c5 20. Rd5 c6 21. Rd6 Rxd6 22. exd6 Rd8 23. Rd1 Bg4 24. Rd2 Rxd6 25. e4 Kh7 26. e5 Rxd2 27. Qxd2 h4 28. Qe3 h3 29. Ne4 hxg2 30. Nxc5 Qf5 31. Kxg2 Qc2+ 32. Kg3 Bf5 33. Nxb7 Qxa2 34. Nd6 Bg6 35. e6 fxe6 36. h4 Qb1 37. c5 Bf5 38. Qf4 Qxb3+ 39. Kg2 Qd5+ 40. Kf1 Qxc5 41. h5 Bd3+ 42. Ke1 Qc2 43. Qe3 Qc3+ 44. Kf2 Qf6+ 45. Ke1 Bf5 46. Nc4 Qh4+ 47. Qf2 Qxc4 48. Qe2 Qxe2+ 49. Kxe2 Bg4+ 50. Ke3 Bxh5 51. Kf4 a5 52. Ke5 a4 0-1


[Site "https://www.chess.com"]

[Event "Titled Tuesday Blitz November 22 Early 2022"]
[White "Van Osch, Mees"]
[Black "Palacio,Igor Da Paz"]
[WhiteFideId "1035967"]
[BlackFideId "2121140"]
[WhiteElo "2324"]
[BlackElo "2126"]
[Result "1-0"]
[Round "08"]
[TimeControl "180+1"]
[Date "2022.11.23"]
[WhiteClock "0:00:02"]
[BlackClock "0:00:01"]

1. e4 c5 2. Nf3 d6 3. d4 cxd4 4. Nxd4 Nf6 5. Nc3 a6 6. Nb3 e6 7. g4 b5 8. g5 Nfd7 9. Be3 Bb7 10. Bg2 Ne5 11. Qe2 Be7 12. f4 Nc4 13. O-O-O Nxe3 14. Qxe3 Qc7 15. f5 Nd7 16. Kb1 Ne5 17. Nd4 Bc8 18. Rhf1 b4 19. Nce2 Bd7 20. fxe6 fxe6 21. Nf4 Qc8 22. Bh3 Bxg5 23. Qg3 Bxf4 24. Qxg7 Rf8 25. Nxe6 Bxe6 26. Rxd6 Bxh3 27. Rxf4 Rxf4 28. Qxe5+ Kf7 29. Qxf4+ Kg8 30. Qg5+ Kh8 31. Qf6+ Kg8 32. Qg5+ Kh8 33. b3 Qg4 34. Qf6+ Kg8 35. Rd3 Rf8 36. Qd4 1-0


[Site "https://www.chess.com"]

[Event "Titled Tuesday Blitz November 22 Early 2022"]
[White "Vasques, Antonio Pedro Freixial"]
[Black "Kirillov, Dmitry"]
[WhiteFideId "1908332"]
[BlackFideId "34180572"]
[WhiteElo "2243"]
[BlackElo "2095"]
[Result "0-1"]
[Round "08"]
[TimeControl "180+1"]
[Date "2022.11.23"]
[WhiteClock "0:00:11"]
[BlackClock "0:00:05"]

1. e4 c6 2. d4 d5 3. e5 c5 4. dxc5 Nc6 5. Bf4 Bf5 6. Nf3 e6 7. Bb5 Bxc5 8. O-O Ne7 9. Nbd2 O-O 10. Nh4 Ng6 11. Nxf5 exf5 12. Bxc6 bxc6 13. Qf3 Re8 14. Nb3 Bb6 15. Rfe1 a5 16. a4 Nf8 17. Bd2 g6 18. Rad1 Ne6 19. c4 dxc4 20. Bxa5 Qc7 21. Bxb6 Qxb6 22. Nd2 Rxa4 23. Qc3 Qd4 24. Rc1 Rd8 25. Nxc4 Nf4 26. Qxd4 Rxd4 27. Ne3 Nd3 28. Red1 Nxc1 29. Rxc1 Ra6 30. g3 f4 31. gxf4 Rxf4 32. Rc5 Rb4 33. Kg2 Rxb2 34. Ng4 Kg7 35. Rc4 Raa2 36. Rxc6 h5 37. Ne3 Rxf2+ 38. Kg3 Rfe2 39. Nc4 Rg2+ 40. Kf3 Raf2+ 41. Ke3 Re2+ 42. Kd3 Rxh2 43. Rc7 Reg2 44. Nd6 Rd2+ 45. Ke3 Rhe2+ 46. Kf4 Rf2+ 47. Ke3 Rde2+ 48. Kd4 h4 49. Ne4 Rf4 50. Kd3 Rfxe4 0-1


[Site "https://www.chess.com"]

[Event "Titled Tuesday Blitz November 22 Early 2022"]
[White "Viskelis, Darius"]
[Black "Chan, Kim Yew"]
[WhiteFideId "12800830"]
[BlackFideId "5717981"]
[WhiteElo "2025"]
[BlackElo "2206"]
[Result "1-0"]
[Round "08"]
[TimeControl "180+1"]
[Date "2022.11.23"]
[WhiteClock "0:01:42"]
[BlackClock "0:00:37"]

1. e4 c5 2. Nf3 e6 3. c3 Nf6 4. e5 Nd5 5. d4 cxd4 6. Bc4 Nb6 7. Bb3 d6 8. cxd4 Nc6 9. O-O Be7 10. Qe2 O-O 11. Nc3 Nb4 12. Bf4 N6d5 13. Bg3 dxe5 14. Nxe5 Bd7 15. Rfe1 Rc8 16. Nxd5 Nxd5 17. Bxd5 exd5 18. Nxd7 Re8 19. Ne5 f6 20. Nf3 Qd7 21. Qe6+ Qxe6 22. Rxe6 Kf7 23. Rae1 1-0


[Site "https://www.chess.com"]

[Event "Titled Tuesday Blitz November 22 Early 2022"]
[White "Vlassov, Nikolai"]
[Black "Pranav Anand"]
[WhiteFideId "4103360"]
[BlackFideId "46626786"]
[WhiteElo "2324"]
[BlackElo "2402"]
[Result "0-1"]
[Round "08"]
[TimeControl "180+1"]
[Date "2022.11.23"]
[WhiteClock "0:00:02"]
[BlackClock "0:00:08"]

1. e4 g6 2. Nc3 Bg7 3. h4 h5 4. Nf3 d6 5. Ng5 f6 6. Nf3 Nh6 7. d4 Nf7 8. Bc4 e6 9. Be3 c6 10. Bb3 Na6 11. Qe2 Nc7 12. O-O-O Qe7 13. e5 fxe5 14. dxe5 Nxe5 15. Bg5 Qf8 16. Ne4 Nd5 17. c4 Nxf3 18. gxf3 Nf4 19. Qd2 Be5 20. Nxd6+ Bxd6 21. Qxd6 Qxd6 22. Rxd6 O-O 23. Rhd1 e5 24. Bh6 Re8 25. Bxf4 exf4 26. Rxg6+ Kf7 27. Rdg1 Be6 28. Rg7+ Kf6 29. R1g6+ Ke5 30. Rg5+ Kd4 31. Rxh5 Rad8 32. Rxb7 a5 33. Rxa5 c5 34. a3 Bf5 35. Bc2 Bc8 36. Be4 Rxe4 37. Rf7 Re1+ 38. Kd2 Rb1 39. Kc2 Rf1 40. Rxf4+ Ke5 41. Re4+ Kd6 42. Kb3 Rxf2 43. Rf4 Bb7 44. Rb5 Rxf3+ 45. Rxf3 Bxf3 46. a4 Bc6 47. Rb6 Kc7 48. a5 Rh8 49. Ra6 Kb7 50. Rb6+ Kc7 51. Ra6 Rxh4 52. Ra7+ Kb8 53. Rf7 Rh3+ 54. Ka2 Rh5 55. b3 Bb7 56. Ka3 Ka7 57. b4 Rh3+ 58. Ka4 cxb4 59. Kxb4 Rh5 60. Rg7 Ka6 61. Rg6+ Ka7 62. Rg7 Kb8 63. Rg8+ Bc8 64. Rg7 Be6 65. Re7 Bc8 66. Rg7 Rh1 67. Rf7 Rh6 68. Rg7 Bb7 69. Kc5 Ka7 70. Kb5 Rh1 71. c5 Rb1+ 72. Kc4 Ka6 73. Rc7 Kxa5 74. c6 Ba6+ 75. Kc5 Rc1+ 76. Kd6 Kb6 77. Rh7 Rxc6+ 78. Kd5 Rc1 79. Kd4 Bb5 80. Rh6+ Ka5 81. Rd6 Kb4 82. Ke5 Re1+ 83. Kd4 Re2 84. Rd5 Bc4 85. Rd6 Rg2 86. Rb6+ Bb5 87. Rd6 Rg4+ 88. Ke5 Bc4 89. Rd4 Rg1 90. Kd6 Rg6+ 91. Ke5 Kc5 92. Rf4 Re6+ 93. Kf5 Bd5 94. Ra4 Re1 95. Ra5+ Kd4 96. Ra4+ Bc4 97. Ra5 Rf1+ 98. Kg5 Ke4 99. Kg6 Bd5 100. Ra7 Ke5 101. Rg7 Be6 102. Kg5 Rg1+ 103. Kh6 Rh1+ 104. Kg5 Rh2 105. Kg6 Bf5+ 106. Kf7 Ra2 107. Ke7 Ra7+ 108. Kf8 Ra8+ 109. Ke7 Ra6 110. Kf7 Be6+ 111. Kg6 Ra3 112. Kg5 Rh3 113. Kg6 Bf5+ 114. Kg5 Ke6 115. Ra7 Be4 116. Kf4 Bc6 117. Ra6 Rc3 0-1


[Site "https://www.chess.com"]

[Event "Titled Tuesday Blitz November 22 Early 2022"]
[White "Wagner, Dennis"]
[Black "Lehtosaari, Mauri"]
[WhiteFideId "24650684"]
[BlackFideId "501999"]
[WhiteElo "2470"]
[BlackElo "2513"]
[Result "1-0"]
[Round "08"]
[TimeControl "180+1"]
[Date "2022.11.23"]
[WhiteClock "0:00:25"]
[BlackClock "0:00:05"]

1. e4 d5 2. exd5 Qxd5 3. Nc3 Qe5+ 4. Be2 c6 5. Nf3 Qc7 6. d4 Bf5 7. O-O e6 8. Nh4 Bg6 9. Re1 Be7 10. Nxg6 hxg6 11. g3 Nf6 12. Bf3 Nbd7 13. a4 a5 14. Bf4 Bd6 15. Bg5 O-O 16. Qd3 Nb6 17. Bg2 Nbd5 18. h4 Rfe8 19. Ne4 Nxe4 20. Rxe4 Be7 21. Bd2 Rad8 22. Qc4 Bb4 23. c3 Bd6 24. Rae1 Nf6 25. R4e2 Ng4 26. Bf3 Nxf2 27. Kxf2 Bxg3+ 28. Kg2 Bxh4 29. Rf1 Qg3+ 30. Kh1 Qh3+ 31. Rh2 Qg3 32. Be1 Qxe1 33. Rxe1 Bxe1 34. Kg2 e5 35. d5 e4 36. Bxe4 cxd5 37. Bxd5 Re7 38. Rh1 Rde8 39. Rxe1 Rxe1 40. Bxf7+ Kf8 41. Bxe8 Rxe8 42. Qc5+ Kf7 43. Qd5+ Kf6 44. Qxb7 Re5 45. b4 1-0


[Site "https://www.chess.com"]

[Event "Titled Tuesday Blitz November 22 Early 2022"]
[White "Xu, Yi"]
[Black "Melikyan, Gnel"]
[WhiteFideId "8605564"]
[BlackFideId "54109990"]
[WhiteElo "2471"]
[BlackElo "2138"]
[Result "1-0"]
[Round "08"]
[TimeControl "180+1"]
[Date "2022.11.22"]
[WhiteClock "0:00:09"]
[BlackClock "0:00:08"]

1. e4 c5 2. Nf3 Nc6 3. d4 cxd4 4. Nxd4 e5 5. Nb5 d6 6. c4 Be7 7. N5c3 f5 8. exf5 Bxf5 9. Bd3 Be6 10. Nd5 Nf6 11. Nbc3 O-O 12. O-O Qd7 13. Be3 Rad8 14. b3 Rf7 15. Rc1 Bf5 16. Bxf5 Qxf5 17. h3 Ne4 18. Nxe4 Qxe4 19. Qg4 Qxg4 20. hxg4 b6 21. Rfd1 h6 22. Nc3 Bg5 23. Bxg5 hxg5 24. f3 Nd4 25. Kf2 Rfd7 26. Ne4 Ne6 27. Rd5 Nf4 28. Rd2 d5 29. cxd5 Rxd5 30. Rxd5 Rxd5 31. Rc8+ Kh7 32. Nxg5+ Kg6 33. Ne4 Rd1 34. Rc6+ Kf7 35. Rc7+ Kg6 36. Rxa7 Rb1 37. Rd7 b5 38. g3 Ne6 39. Rd5 Rb2+ 40. Ke3 Nd4 41. Rxe5 Nc2+ 42. Kf4 Rxa2 43. Rxb5 Nd4 44. Rb6+ Kf7 45. g5 Rb2 46. b4 Rb3 47. Rb7+ Kg6 48. Rb6+ Kf7 49. g6+ Ke7 50. Rb7+ Ke8 51. Ng5 Kf8 52. Kg4 Nc6 53. Ne6+ Ke8 54. Nxg7+ Kd8 55. Ne6+ Ke8 56. g7 Ne5+ 57. Kh5 1-0


[Site "https://www.chess.com"]

[Event "Titled Tuesday Blitz November 22 Early 2022"]
[White "Zacurdajev, Dmitry"]
[Black "Arabidze, Meri"]
[WhiteFideId "4196309"]
[BlackFideId "13604040"]
[WhiteElo "2179"]
[BlackElo "2403"]
[Result "0-1"]
[Round "08"]
[TimeControl "180+1"]
[Date "2022.11.23"]
[WhiteClock "0:00:03"]
[BlackClock "0:00:32"]

1. d4 f5 2. c4 e6 3. Nc3 Nf6 4. g3 Bb4 5. Qc2 O-O 6. Bg2 c5 7. d5 e5 8. Qxf5 Bxc3+ 9. bxc3 d6 10. Qc2 Bg4 11. Nf3 h6 12. h3 Bh5 13. g4 Be8 14. Nh4 Nbd7 15. Nf5 Nb6 16. Qd3 Qd7 17. e4 Bg6 18. Nh4 Bh7 19. g5 hxg5 20. Bxg5 Qa4 21. Nf5 Bxf5 22. exf5 Qxc4 23. Qxc4 Nxc4 24. O-O-O b5 25. f4 e4 26. Rhe1 e3 27. Bf1 Rae8 28. Bxc4 bxc4 29. Re2 Re4 30. Rde1 Nxd5 31. Kc2 Rxf5 32. Rg2 Nxf4 33. Bxf4 Rfxf4 34. Reg1 Rf2+ 35. Rxf2 exf2 36. Rf1 Rf4 37. Kd2 d5 38. Ke3 g5 39. Rxf2 d4+ 40. Ke2 d3+ 41. Ke3 Rxf2 42. Kxf2 Kg7 0-1


[Site "https://www.chess.com"]

[Event "Titled Tuesday Blitz November 22 Early 2022"]
[White "Zainullina, Nataliya"]
[Black "Matveeva, Olga"]
[WhiteFideId "4145488"]
[BlackFideId "24107018"]
[WhiteElo "2124"]
[BlackElo "2055"]
[Result "0-1"]
[Round "08"]
[TimeControl "180+1"]
[Date "2022.11.23"]
[WhiteClock "0:01:16"]
[BlackClock "0:00:54"]

1. Nf3 Nf6 2. c4 e6 3. g3 d5 4. d4 Bb4+ 5. Bd2 Be7 6. Bg2 O-O 7. O-O c6 8. Nc3 Nbd7 9. cxd5 exd5 10. Bf4 Re8 11. a3 a5 12. Rb1 Bf8 13. b4 axb4 14. axb4 b5 15. Ne5 Bb7 16. e4 dxe4 17. Nxe4 Nxe4 18. Bxe4 Nf6 19. Bxc6 Bxc6 20. Nxc6 Qd5 21. Ne5 Red8 22. Be3 Ra4 23. Qb3 Rxb4 24. Qxd5 Nxd5 25. Rxb4 Bxb4 26. Nc6 Ra8 27. Rb1 Nxe3 28. Nxb4 Nc4 29. Nc6 Nd6 30. d5 g6 0-1


[Site "https://www.chess.com"]

[Event "Titled Tuesday Blitz November 22 Early 2022"]
[White "Zemlyanskii, Ivan"]
[Black "Gurevich, Dmitry"]
[WhiteFideId "24249971"]
[BlackFideId "2000407"]
[WhiteElo "2107"]
[BlackElo "2506"]
[Result "1-0"]
[Round "08"]
[TimeControl "180+1"]
[Date "2022.11.23"]
[WhiteClock "0:00:48"]
[BlackClock "0:00:10"]

1. d4 Nf6 2. c4 a6 3. g3 c5 4. dxc5 e6 5. Bg2 Bxc5 6. Nf3 O-O 7. O-O Qc7 8. Nc3 Be7 9. Qd3 b6 10. Bf4 d6 11. Rac1 Rd8 12. Rfd1 Bb7 13. Qd2 h6 14. b3 Bf8 15. h4 e5 16. Be3 Nbd7 17. Qb2 Rac8 18. Ne1 Bxg2 19. Nxg2 Qb7 20. a4 Nc5 21. Bxc5 bxc5 22. Ne3 Rb8 23. Rb1 Ne8 24. Ned5 Nc7 25. Nxc7 Qxc7 26. Nd5 Qb7 27. Rd3 Re8 28. Qc2 Re6 29. b4 cxb4 30. Rxb4 Qc8 31. Rxb8 Qxb8 32. Rb3 Qc8 33. Rb6 Rg6 34. Qb3 e4 35. Rb8 Qe6 36. Qb7 e3 37. Ne7+ Kh7 38. Nxg6 exf2+ 39. Kxf2 Qf6+ 40. Qf3 1-0


[Site "https://www.chess.com"]